Map: Catalyseur EC

Players

JohnDeluxe

  • Race: Protoss Protoss
  • League: Diamond
  • Spawn Location: 5:00

HoldTheDoor - Winner!

  • Race: Protoss Protoss
  • League: Diamond
  • Spawn Location: 11:00

VOD

Have the link to the VOD?

Description

Time

  • Played on: July 7, 2018, 9:19 a.m.
  • Length: 16:09
Show
View Real Time Build Order
Export as new Build Order

JohnDeluxe Protoss 

Build Orders:  

Get SALT Encoding   

  12  0:01  Probe  
  13  0:13  Probe  
  14  0:17  Pylon  
  14  0:26  Probe  
  15  0:34  Probe  
  16  0:43  Probe, Gateway  
  17  0:51  Assimilator  
  17  1:03  Assimilator, Probe  
  17  1:07  Assimilator  
  17  1:11  Probe  
  19  1:21  Probe  
  20  1:35  Gateway  
  20  1:39  Cybernetics Core  
  20  1:45  Pylon  
  20  1:46  Probe  
  21  1:58  Probe  
  21  2:00  Warp Gate  
  22  2:03  Pylon  
  22  2:10  Probe  
  22  2:13  Pylon  
  23  2:20  Stalker  
  23  2:22  Probe  
  26  2:27  Stalker  
  28  2:39  Gateway  
  28  2:54  Stalker  
  30  3:00  Gateway  
  30  3:20  Nexus  
  30  3:21  Stalker  
  30  3:25  Pylon  
  32  3:28  Probe  
  33  3:35  Stalker  
  35  3:48  Probe  
  36  4:00  Probe  
  37  4:03  Shield Battery  
  37  4:12  Probe  
  37  4:14  Robotics Facility  
  38  4:19  Stalker x2  
  42  4:31  Probe x2  
  44  4:40  Stalker  
  44  4:43  Probe x2  
  46  4:46  Pylon  
  48  4:54  Probe  
  48  4:55  Probe  
  50  5:01  Observer, Shield Battery  
  50  5:07  Probe x2  
  52  5:08  Stalker  
  52  5:10  Stalker  
  57  5:22  Probe x2  
  57  5:24  Immortal  
  63  5:36  Probe x2  
  63  5:38  Assimilator  
  63  5:40  Assimilator  
  65  5:43  Pylon  
  65  5:52  Probe x2  
  67  6:00  Gateway  
  67  6:04  Robotics Bay  
  67  6:06  Probe x2  
  67  6:09  Immortal  
  69  6:14  Probe x2  
  71  6:22  Probe x2  
  77  6:41  Pylon  
  77  6:43  Pylon  
  77  6:45  Pylon  
  77  6:47  Pylon  
  77  6:53  Warp Prism  
  77  6:55  Probe  
  77  6:59  Probe  
  81  7:07  Stalker x2  
  85  7:11  Nexus  
  85  7:12  Pylon  
  85  7:14  Pylon  
  78  7:44  Probe x2  
  79  7:55  Stalker x4  
  77  8:01  Immortal  
  77  8:02  Probe  
  77  8:03  Probe  
  83  8:23  Probe  
  83  8:24  Probe  
  83  8:30  Twilight Council  
  81  8:35  Stalker  
  81  8:36  Stalker x3  
  81  8:40  Immortal  
  91  8:47  Probe  
  91  8:48  Probe x2  
  94  9:07  Assimilator, Charge, Stalker x4  
  102  9:11  Assimilator  
  102  9:15  Robotics Facility  
  102  9:20  Templar Archives  
  102  9:35  Forge  
  102  9:38  Forge  
  102  9:41  Gateway  
  102  9:46  Gateway x2  
  102  9:49  Zealot x4  
  110  10:06  Immortal x2  
  115  10:08  Observer  
  112  10:44  Protoss Ground Armor Level 1, Protoss Ground Weapons Level 1  
  112  10:47  Probe x3  
  115  10:51  Pylon  
  115  10:54  Photon Cannon, Pylon  
  115  10:58  Colossus, Photon Cannon  
  115  11:02  Photon Cannon  
  121  11:08  Pylon  
  121  11:09  Colossus  
  121  11:11  Pylon  
  127  11:13  Photon Cannon  
  127  11:15  Photon Cannon  
  127  11:20  Photon Cannon  
  127  11:22  Probe x2  
  127  11:23  Probe  
  130  11:28  High Templar x5  
  130  11:29  High Templar  
  130  11:32  Archon x2  
  142  11:33  Archon  
  142  11:39  Photon Cannon  
  142  11:41  Photon Cannon  
  142  11:54  Probe x3  
  142  12:00  Colossus  
  151  12:04  Pylon  
  151  12:05  Immortal  
  151  12:06  Pylon  
  155  12:09  High Templar  
  157  12:17  Pylon  
  157  12:18  Pylon  
  157  12:21  Pylon  
  157  12:23  Pylon  
  157  12:29  Protoss Ground Weapons Level 2  
  157  12:33  Protoss Ground Armor Level 2  
  157  12:37  High Templar x2  
  157  12:38  High Templar x4  
  157  12:41  Archon  
  157  12:42  Archon  
  157  12:43  Archon  
  169  13:16  Zealot  
  169  13:17  Zealot x6  
  169  13:19  Nexus  
  183  13:20  Pylon  
  183  13:23  Pylon  
  183  13:25  Assimilator  
  183  13:31  Assimilator  
  183  13:32  Blink  
  181  13:38  Zealot x3  
  181  13:39  Zealot x4  
  127  13:58  Stalker x2  
  127  13:59  Stalker x5  
  140  14:20  Probe  
  140  14:21  Probe x2  
  143  14:24  Stalker x2  
  143  14:25  Stalker x2  
  143  14:26  Stalker x3  
  153  14:51  Stalker x5  
  159  15:25  Stalker x2  
  159  15:26  Stalker x2  
  163  15:52  Nexus  
Show
View Real Time Build Order
Export as new Build Order

HoldTheDoor Protoss - Winner!

Build Orders:  

Get SALT Encoding   

  12  0:00  Probe  
  13  0:13  Probe  
  14  0:18  Pylon  
  14  0:25  Probe  
  15  0:37  Probe  
  15  0:40  Gateway  
  16  0:45  Assimilator  
  16  0:49  Probe  
  17  1:01  Probe  
  18  1:13  Probe  
  19  1:27  Cybernetics Core  
  19  1:32  Probe  
  20  1:36  Pylon  
  20  1:44  Probe  
  21  1:54  Stalker  
  21  1:56  Probe  
  22  2:05  Warp Gate  
  24  2:11  Probe  
  24  2:14  Gateway  
  24  2:15  Stalker  
  25  2:21  Gateway  
  25  2:23  Probe  
  28  2:31  Pylon  
  28  2:35  Probe  
  29  2:47  Stalker, Probe  
  32  2:59  Pylon  
  32  3:07  Stalker  
  32  3:11  Stalker  
  36  3:17  Nexus  
  36  3:27  Probe  
  37  3:39  Probe  
  38  3:49  Pylon  
  38  3:51  Probe  
  39  4:03  Probe  
  39  4:07  Twilight Council  
  39  4:09  Assimilator  
  40  4:17  Probe  
  41  4:27  Pylon  
  41  4:29  Probe  
  42  4:37  Probe  
  43  4:39  Assimilator  
  43  4:41  Assimilator, Probe  
  43  4:42  Stalker  
  43  4:43  Stalker x2  
  50  4:57  Probe x2  
  52  5:12  Probe x2  
  54  5:18  Charge  
  54  5:24  Pylon  
  54  5:25  Zealot x3  
  60  5:34  Dark Shrine  
  60  5:37  Pylon  
  60  5:41  Probe x2  
  60  5:42  Gateway  
  62  5:44  Gateway  
  62  5:47  Stalker x3  
  68  5:53  Pylon  
  68  5:59  Probe x2  
  70  6:16  Nexus  
  70  6:19  Probe  
  70  6:20  Protoss Air Weapons Level 1  
  70  6:21  Probe  
  70  6:22  Stargate  
  72  6:27  Probe  
  73  6:33  Probe  
  73  6:38  Probe  
  73  6:39  Forge  
  74  6:41  Forge  
  74  6:45  Probe  
  76  6:50  Probe, Pylon  
  76  6:52  Sentry x2  
  76  6:53  Assimilator  
  81  6:56  Protoss Ground Weapons Level 1  
  81  6:57  Probe, Protoss Shields Level 1  
  82  7:03  Probe  
  82  7:08  Pylon  
  83  7:14  Void Ray  
  87  7:19  Probe  
  87  7:22  Probe  
  83  7:31  Probe  
  83  7:35  Zealot x3  
  83  7:36  Stalker  
  70  7:59  Zealot x5  
  72  8:20  Protoss Ground Armor Level 1  
  72  8:21  Protoss Ground Weapons Level 2  
  72  8:32  Zealot x3  
  72  8:33  Zealot x2  
  82  8:35  Probe x2  
  82  8:36  Probe  
  85  8:47  Probe  
  85  8:48  Probe x2  
  88  8:58  Dark Templar x5  
  88  9:00  Probe x2  
  88  9:02  Assimilator  
  100  9:12  Archon x2  
  100  9:14  Probe x2  
  100  9:15  Probe  
  103  9:17  Void Ray  
  107  9:25  Pylon  
  107  9:31  Fleet Beacon  
  107  9:33  Pylon  
  107  9:35  Probe x3  
  107  9:37  Pylon  
  110  9:43  Protoss Air Armor Level 1  
  110  9:45  Dark Templar x3  
  112  9:47  Probe  
  112  9:49  Dark Templar  
  112  9:50  Archon  
  119  9:52  Archon  
  119  10:06  Dark Templar  
  121  10:10  Void Ray  
  125  10:18  Protoss Ground Weapons Level 3  
  125  10:19  Protoss Ground Armor Level 2  
  125  10:29  Dark Templar  
  125  10:32  Zealot x3  
  133  10:36  Probe  
  133  10:37  Probe  
  133  10:39  Probe  
  134  10:48  Carrier  
  134  11:01  Zealot  
  134  11:02  Zealot x4  
  150  11:19  Pylon  
  150  11:24  Pylon  
  150  11:26  Robotics Facility  
  150  11:29  Pylon  
  150  11:35  Zealot x2  
  150  11:36  Zealot  
  156  11:40  Pylon  
  156  11:42  Nexus  
  156  11:45  Assimilator  
  156  11:49  Assimilator  
  156  11:56  Gateway  
  156  11:58  Gateway  
  156  12:00  Gateway  
  156  12:02  Zealot, Gateway  
  156  12:03  Zealot x4  
  156  12:04  Gateway  
  156  12:07  Protoss Air Weapons Level 2  
  156  12:08  Probe x2  
  168  12:11  Carrier  
  168  12:15  Observer  
  175  12:28  Probe x3  
  178  12:36  Observer  
  179  12:39  Pylon  
  179  12:40  Probe  
  179  12:41  Pylon  
  179  12:43  Zealot x2  
  179  12:44  Zealot x2  
  186  12:45  Pylon  
  188  12:51  Pylon  
  188  12:55  Pylon  
  188  12:59  Pylon  
  188  13:00  Archon  
  188  13:03  Protoss Shields Level 2  
  188  13:04  Protoss Ground Armor Level 3  
  188  13:06  Immortal, Pylon  
  188  13:11  Dark Templar  
  188  13:12  Dark Templar x3  
  200  13:15  Archon x2  
  187  13:39  Zealot x5  
  187  13:40  Zealot  
  163  14:02  Photon Cannon  
  163  14:06  Zealot x5  
  163  14:07  Zealot x5  
  183  14:11  Probe x2  
  183  14:12  Probe  
  186  14:32  Immortal  
  190  14:54  Zealot  
  190  14:55  Zealot x4  
  184  15:27  Pylon  
  180  15:29  Dark Templar x7  
  180  15:30  Dark Templar x3  
  180  15:34  Archon x5  
  200  15:44  Nexus  
Tags
 
Matchup
PvP
Spawn Locations
Cross Positions
Add a new tag
Caveats
  • Supply blocks, unpowered buildings, or Contaminate may cause inaccurate times.
  • Supply counts are checked every 10 seconds.